AoeStats
← tavoo

Arabia

507945829Analyzed
1v1 RM · 13d ago on Sep 20, 2026· 92m 21s· 2 players
Game mode
Random Map
Map size
Tiny (2 player)
Population
200
Speed
Normal
Resources
Standard
Victory
Conquest
Starting age
Dark Age
Ending age
Imperial Age
RankedLock teamsTeams togetherTeam positionsShared explorationLock speedFull tech treeHidden civsTurbo modeCheats
Victory
Defeat
🇲🇽 Turks · Mexico
1382
+15
🇳🇱 Magyars · Netherlands
1366
-15
Barkbarktree
7:05 Loom
9:24 Feudal Age
10:03 Double-Bit Axe
13:54 Horse Collar
21:49 Castle Age
20:09 Gold Mining
20:37 Scale Barding Armor
21:19 Bloodlines
23:22 Wheelbarrow
23:00 Bow Saw
23:02 Husbandry
29:18 Chain Barding Armor
28:59 Town Watch
29:59 Hand Cart
30:54 Fletching
31:05 Padded Archer Armor
30:57 Elite Skirmisher
31:35 Bodkin Arrow
37:03 Ballistics
36:34 Light Cavalry
37:37 Leather Archer Armor
40:44 Imperial Age
38:23 Stone Mining
39:28 Thumb Ring
41:00 Corvinian Army
40:42 Light Cavalry
40:47 Elite Magyar Huszar
41:42 Bracer
41:59 Leather Archer Armor
43:17 Two-Man Saw
41:58 Cavalier
42:02 Heavy Cavalry Archer
43:33 Parthian Tactics
44:12 Chemistry
47:25 Conscription
47:55 Recurve Bow
52:03 Devotion
52:40 Ring Archer Armor
52:45 Plate Barding Armor
51:41 Elite Magyar Huszar
55:51 Siege Engineers
55:57 Masonry
55:44 Murder Holes
61:26 Heavy Scorpion
73:55 Treadmill Crane
tavoo
6:58 Loom
9:20 Feudal Age
9:50 Double-Bit Axe
17:37 Forging
21:40 Castle Age
20:23 Fletching
21:33 Horse Collar
22:06 Bloodlines
23:45 Husbandry
24:23 Bodkin Arrow
25:43 Padded Archer Armor
28:35 Thumb Ring
29:46 Ballistics
32:10 Wheelbarrow
32:06 Gold Mining
33:49 Heavy Plow
39:00 Imperial Age
37:31 Sipahi
39:00 Masonry
39:19 Heavy Cavalry Archer
40:18 Bracer
41:39 Hand Cart
41:43 Leather Archer Armor
41:37 Town Watch
42:12 Stone Mining
43:32 Conscription
43:15 Artillery
46:11 Ring Archer Armor
46:30 Scale Barding Armor
47:01 Iron Casting
47:39 Conscription
48:27 Chain Barding Armor
51:13 Gold Shaft Mining
53:06 Parthian Tactics
56:30 Hoardings
58:13 Town Patrol
62:23 Architecture
68:53 Fortified Wall
73:58 Plate Barding Armor
74:48 Blast Furnace
91:38 Bow Saw
Connection lost

Rejoining the realm…

Still unreachable

The connection could not be restored.

Session expired

The server has moved on; the page needs a fresh start.